 Dungeon Crawl Stone Soup version 0.19.4-9-g45fd643 (webtiles) character file.

289 Gorglomux the Covert (level 6, 0/49 HPs)
             Began as a Naga Enchanter on Feb 19, 2017.
             Slain by a big kobold
             ... wielding a +1 dagger of venom
              (2 damage)
             ... on level 3 of the Dungeon.
             The game lasted 00:11:15 (4057 turns).

Gorglomux the Covert (Naga Enchanter)               Turns: 4057, Time: 00:11:15

Health: 0/49       AC:  7    Str: 10    XL:     6   Next: 31%
Magic:  5/9        EV: 10    Int: 18    God:
Gold:   170        SH:  0    Dex: 11    Spells: 3 memorised, 3 levels left

rFire  . . .     SeeInvis +     a - +0 hunting sling (curse)
rCold  . . .     Gourm    .     b - +1 robe
rNeg   . . .     Faith    .     (no shield)
rPois  +         Spirit   .     (no helmet)
rElec  .         Reflect  .     (no cloak)
rCorr  .         Harm     .     y - +2 pair of gloves
MR     .....                    (no barding)
Stlth  ++++......               I - amulet of inaccuracy (curse)
                                x - ring of stealth
                                p - ring of loudness (curse)

@: very slow
A: see invisible, deformed body, poison resistance, slowness 2, slow metabolism
1, spit poison 1, AC +2
a: Spit Poison


You were on level 3 of the Dungeon.
You were hungry.

You visited 1 branch of the dungeon, and saw 3 of its levels.

You collected 170 gold pieces.

Inventory:

Hand Weapons
 a - a cursed +0 hunting sling (weapon)
 C - a +1 dagger
Missiles
 F - 29 sling bullets (quivered)
 G - 15 stones
Armour
 b - a +1 robe (worn)
 q - a +0 pair of gloves
 y - a +2 pair of gloves (worn)
Jewellery
 j - an uncursed ring of positive energy
 n - an uncursed amulet of magic regeneration
 p - a cursed ring of loudness (left hand)
 x - a ring of stealth (right hand)
 I - a cursed amulet of inaccuracy (around neck)
Scrolls
 R - a scroll of identify
Potions
 g - 2 potions of mutation {unknown}
 i - 2 potions of curing
 l - a potion of invisibility {unknown}
 o - 2 potions of might {unknown}
 t - a potion of lignification {unknown}
 B - a potion of magic {unknown}
 E - a potion of degeneration {unknown}
Books
 c - a book of Maledictions

   Spells                             Type                      Level
   a - Corona                         Hexes                        1
   b - Ensorcelled Hibernation        Hexes/Ice                    2
   c - Confuse                        Hexes                        3
   d - Tukima's Dance                 Hexes                        3
   e - Dazzling Spray                 Conjuration/Hexes            3
Comestibles
 d - 3 bread rations
 f - 2 meat rations
 h - a beef jerky


   Skills:
 + Level 4.3 Short Blades
 - Level 1.5 Dodging
 - Level 8.1 Stealth
 - Level 2.0 Spellcasting
 - Level 3.0 Hexes


You had 3 spell levels left.
You knew the following spells:

 Your Spells              Type           Power        Failure   Level  Hunger
a - Corona                Hex            ##.....      6%          1    #......
x - Confuse               Hex            ##......     17%         3    ###....
z - Ensorcelled Hibernat  Hex/Ice        #.....       14%         2    ###....


Dungeon Overview and Level Annotations

Branches:
Dungeon (3/15)

Altars:
Xom


Innate Abilities, Weirdness & Mutations

You cannot wear boots.
Your serpentine skin is tough. (AC +2)
You have supernaturally acute eyesight. (SInv)
Armour fits poorly on your strangely shaped body.
Your system is resistant to poisons. (rPois)
You cover ground very slowly.
You have a slow metabolism.
You can spit poison.


Message History

You shoot a sling bullet. The sling bullet hits the big kobold.
The big kobold is almost dead.
The big kobold hits you with a dagger of venom.
* * * LOW HITPOINT WARNING * * *
Casting: Corona
Confirm with . or Enter, or press ? or * to list all spells.
Aiming: Ensorcelled Hibernation
Press: ? - help, Shift-Dir - straight line, f/p - big kobold
Aim: a big kobold, wielding a dagger of venom (almost dead, softly glowing, chance to defeat MR: 38%)
The big kobold resists with some effort.
The big kobold hits you but does no damage.
Casting: Ensorcelled Hibernation
Confirm with . or Enter, or press ? or * to list all spells.
Aiming: Ensorcelled Hibernation
Press: ? - help, Shift-Dir - straight line, f/p - big kobold
Aim: a big kobold, wielding a dagger of venom (almost dead, softly glowing, chance to defeat MR: 38%)
The big kobold resists with some effort.
The big kobold stops glowing.
The big kobold hits you with a dagger of venom.
You die...

........#.............##≈.≈#♣._##
.##.#>#.#....)).......#..♣......#
.##.#.#.##.............♣_#≈_^^.^.
.##.#........)..###.(.#≈_≈..≈_#.#
.##.....).......# #...##.≈.§≈§###
.####.#.##..###.# #...###≈≈≈_§###
.# #....#..# #.# #...# ###^#####
.####.###...# #.###...#####.####.
.....## ##..###.@K.....(.........
####.# #....#####...#####.#####
.....## #.....##.(...### #.#
####..###.....#.(.(.#.>.# #.#
..)......##..#(..#..###!# #.#####
####.######..#(.)(.## #.# #.<....
.# #.# #..#(≈#.#####.# ####### .#
#.# ..##≈≈.....##.# .#
#.#####..#≈≈≈≈.#...#.#


You could see a big kobold.

Vanquished Creatures
  A big kobold (D:3)
  Ijyb (D:2)
  6 adders
  An ooze (D:2)
  3 worms
  6 dart slugs
  3 leopard geckos
  8 orcs (D:3)
  7 bats
  5 giant cockroaches
  8 goblins (D:2)
  16 hobgoblins
  5 jackals
  13 kobolds
  A quokka (D:3)
  A ball python (D:2)
  7 frilled lizards
  A jackal zombie (D:3)
  9 rats
102 creatures vanquished.

Notes
Turn   | Place    | Note
-------+----------+-------------------------------------------
     0 | D:1      | Gorglomux the Naga Enchanter began the quest for the Orb.
     0 | D:1      | Reached XP level 1. HP: 15/15 MP: 3/3
   254 | D:1      | Reached XP level 2. HP: 2/22 MP: 5/5
   537 | D:1      | Learned a level 2 spell: Ensorcelled Hibernation
   594 | D:1      | Reached skill level 5 in Stealth
  1068 | D:1      | Reached XP level 3. HP: 9/28 MP: 2/6
  1597 | D:2      | Reached skill level 6 in Stealth
  1622 | D:2      | Reached XP level 4. HP: 17/36 MP: 4/7
  2319 | D:2      | Reached skill level 3 in Short Blades
  2645 | D:2      | Noticed Ijyb
  2687 | D:2      | Killed Ijyb
  2687 | D:2      | Reached skill level 7 in Stealth
  2687 | D:2      | Reached XP level 5. HP: 32/42 MP: 8/8
  3106 | D:3      | Found a shimmering altar of Xom.
  3110 | D:3      | Found a shimmering altar of Xom.
  3111 | D:3      | Found a shimmering altar of Xom.
  3113 | D:3      | Found a shimmering altar of Xom.
  3113 | D:3      | Found a shimmering altar of Xom.
  3118 | D:3      | Found a shimmering altar of Xom.
  3326 | D:3      | Learned a level 3 spell: Confuse
  3873 | D:3      | Noticed a big kobold
  3907 | D:3      | Killed a big kobold
  3907 | D:3      | Reached skill level 8 in Stealth
  3907 | D:3      | Reached XP level 6. HP: 28/49 MP: 9/9
  4055 | D:3      | HP: 2/49 [big kobold/dagger of venom (4)]
  4057 | D:3      | Slain by a big kobold

Skill      XL: |  1  2  3  4  5 |
---------------+----------------+-----
Stealth        | 5 6 7 8 |  8.1
Short Blades   | 2 3 4 |  4.3
Dodging        | |  1.5
Spellcasting   | |  2.0
Hexes          | |  3.0

Action                   |  1- 3 |  4- 6 || total
-------------------------+-------+-------++-------
Melee: Dagger            |   106 |   118 ||   224
 Fire: Hunting sling     |       |   246 ||   246
 Cast: Corona            |     1 |     2 ||     3
       Ensorcelled Hiber |     3 |     2 ||     5
 Abil: Spit Poison       |    22 |    59 ||    81
  Use: Scroll            |       |     7 ||     7
       Potion            |       |     1 ||     1
 Stab: Sleeping          |     3 |       ||     3
       Distracted        |       |     1 ||     1
  Eat: Chunk             |     3 |     9 ||    12
Armor: Robe              |    33 |   143 ||   176
Dodge: Dodged            |    65 |   167 ||   232
